 Dungeon Crawl Stone Soup version 0.21.0-24-g2553a3340b (webtiles) character file.

42 Krosko the Sneak (level 3, -4/16 HPs)
             Began as a Spriggan Enchanter on Jan 20, 2018.
             Killed by divine providence
             ... invoked by an orc priest
              (8 damage)
             ... on level 2 of the Dungeon.
             The game lasted 00:07:22 (2068 turns).

Krosko the Sneak (Spriggan Enchanter)               Turns: 2068, Time: 00:07:23

Health: -4/16      AC:  2    Str:  4    XL:     3   Next: 35%
Magic:  7/9        EV: 18    Int: 17    God:
Gold:   125        SH:  0    Dex: 16    Spells: 3/9 levels left

rFire    . . .     SeeInvis +   a - +1 dagger
rCold    . . .     Gourm    .   (shield restricted)
rNeg     . . .     Faith    .   b - +0 robe
rPois    .         Spirit   .   (helmet restricted)
rElec    .         Reflect  .   (no cloak)
rCorr    .         Harm     .   (gloves unavailable)
MR       .....                  (boots unavailable)
Stlth    +++.......             (no amulet)
HPRegen  0.05/turn              (no ring)
MPRegen  0.11/turn              (no ring)

@: very quick
A: very small, unfitting armour, see invisible, herbivore, speed 3, slow
metabolism 2
a: no special abilities


You were on level 2 of the Dungeon.
You were not hungry.

You visited 1 branch of the dungeon, and saw 2 of its levels.

You collected 125 gold pieces.

Inventory:

Hand Weapons
 a - a +1 dagger (weapon)
Armour
 b - a +0 robe (worn)
Scrolls
 f - 3 scrolls of identify {unknown}
 g - a scroll of enchant armour {unknown}
 h - a scroll of magic mapping {unknown}
 j - 2 scrolls of teleportation {unknown}
 k - a scroll of amnesia {unknown}
 l - 2 scrolls of remove curse {unknown}
 m - a scroll of immolation {unknown}
Potions
 e - 2 potions of brilliance {unknown}
 i - 2 potions of curing {unknown}
Books
 c - a book of Maledictions

   Spells                             Type                      Level
   a - Corona                         Hexes                        1
   b - Ensorcelled Hibernation        Hexes/Ice                    2
   c - Confuse                        Hexes                        3
   d - Tukima's Dance                 Hexes                        3
   e - Dazzling Spray                 Conjuration/Hexes            3
Comestibles
 d - 3 rations


   Skills:
 - Level 1.1 Short Blades
 - Level 3.1 Dodging
 - Level 4.9 Stealth
 + Level 3.5 Spellcasting
 + Level 4.5 Hexes


You had 3 spell levels left.
You knew the following spells:

 Your Spells              Type           Power        Failure   Level  Hunger
a - Corona                Hex            ###....      2%          1    None
b - Ensorcelled Hibernat  Hex/Ice        ##....       10%         2    ##.....
c - Tukima's Dance        Hex            ###.....     8%          3    ###....


Dungeon Overview and Level Annotations

Branches:
Dungeon (2/15)

Altars:


Innate Abilities, Weirdness & Mutations

You are very small and have problems with some larger weapons.
You are too small for most types of armour.
You have supernaturally acute eyesight. (SInv)
You are a herbivore.
You cover ground extremely quickly.
You need consume almost no food.


Message History

An orc priest is nearby!
You hit the orc priest but do no damage.
You hit the orc priest.
The orc priest is lightly wounded.
The orc priest hits you with a falchion.
Casting: Ensorcelled Hibernation
Confirm with . or Enter, or press ? or * to list all spells.
Aiming: Ensorcelled Hibernation
Press: ? - help, Shift-Dir - straight line, f - orc priest
Aim: an orc priest, wielding a falchion (lightly wounded, chance to defeat MR: 41%)
The orc priest resists with some effort.
The orc priest mumbles some strange prayers to Beogh against you.
Beogh smites you!
Ouch! That really hurt!
* * * LOW HITPOINT WARNING * * *
You see here a ring mail.
The orc priest invokes the aid of Beogh against you.
Beogh smites you!
Ouch! That really hurt!
You die...
P... ..... #.# .... ......#.# P... #.>..#.########### ♣..) #............[...
P.. #....#.########.# .. #....#..........# PP......

#....#.#######..#
.......
+......[..o.o...#
......
#..#..@#######..#
..... #..#...#
#........# ....
#...# ###.!.#.## #
.# #...# #...# #
##.# .#.... ....#
'..# ..... .....#
#..######
###.#######.#.#
#........
...........#.# #
#........
####.)..#o.##.#.##


You could see an orc priest and an orc.

Vanquished Creatures
  An ooze (D:1)
  A dart slug (D:1)
  6 bats
  2 giant cockroaches (D:1)
  7 goblins
  6 hobgoblins
  2 frilled lizards (D:1)
  3 kobolds (D:1)
  5 rats
33 creatures vanquished.

Notes
Turn   | Place    | Note
-------+----------+-------------------------------------------
     0 | D:1      | Krosko the Spriggan Enchanter began the quest for the Orb.
     0 | D:1      | Reached XP level 1. HP: 9/9 MP: 5/5
   184 | D:1      | Reached XP level 2. HP: 11/13 MP: 6/6
   577 | D:1      | Reached XP level 3. HP: 11/16 MP: 8/8
   581 | D:1      | Learned a level 2 spell: Ensorcelled Hibernation
   585 | D:1      | Learned a level 3 spell: Tukima's Dance
  2068 | D:2      | Killed from afar by an orc priest

Skill      XL: |  1  2 |
---------------+-------+-----
Hexes          | 4 |  4.5
Spellcasting   | 3 |  3.5
Short Blades   | |  1.1
Dodging        | |  3.1
Stealth        | |  4.9

Action                   || total
-------------------------++-------
Melee: Dagger            ||   149
 Cast: Tukima's Dance    ||     2
       Ensorcelled Hiber ||     2
 Stab: Sleeping          ||     8
Armor: Robe              ||    15
Dodge: Dodged            ||   110
